 Dungeon Crawl Stone Soup version 0.28-a0-224-g76b539d98b (webtiles) character file.

Game seed: 16008336043295136277

43 bande the Shield-Bearer (level 3, -3/23 HPs)
             Began as a Gargoyle Fighter on Aug 22, 2021.
             Slain by Ijyb (4 damage)
             ... on level 3 of the Dungeon.
             The game lasted 00:04:15 (1953 turns).

bande the Shield-Bearer (Gargoyle Fighter)          Turns: 1953, Time: 00:04:16

Health: -3/23      AC: 14    Str: 19    XL:     3   Next: 58%
Magic:  3/3        EV:  3    Int:  8    God:
Gold:   55         SH:  8    Dex: 10    Spells: 2/2 levels left

rFire   . . .      SeeInvis .   a - +0 war axe
rCold   . . .      Faith    .   c - +0 kite shield
rNeg    + . .      Spirit   .   f - +0 plate armour
rPois   ∞          Reflect  .   (no helmet)
rElec   +          Harm     .   (no cloak)
rCorr   .          Rampage  .   (no gloves)
Will    .....                   (no boots)
Stlth   ..........              (no amulet)
HPRegen 0.07/turn               (no ring)
MPRegen 0.08/turn               (no ring)

@: mighty
A: sickness immunity, AC +3, negative energy resistance 1, electricity
resistance, torment resistance 1, petrification resistance
a: no special abilities


You were on level 3 of the Dungeon.
You visited 1 branch of the dungeon, and saw 3 of its levels.

You collected 55 gold pieces.

Inventory:

Hand Weapons
 a - a +0 war axe (weapon)
Armour
 c - a +0 kite shield (worn)
 f - a +0 plate armour (worn)
Jewellery
 b - a ring of magical power
Scrolls
 g - a scroll of identify
 i - a scroll of teleportation
Potions
 e - a potion of flight
 h - a potion of haste


   Skills:
 + Level 3.4 Fighting
 + Level 2.2 Axes
 + Level 3.7 Armour
 + Level 0.1 Dodging
 + Level 1.1 Stealth
 + Level 3.8 Shields


You had 2 spell levels left.
You didn't know any spells.
Your spell library contained the following spells:

 Spells                   Type           Power      Damage    Failure   Level
 Summon Small Mammal      Summ           0%         N/A       100%        1
 Call Canine Familiar     Summ           0%         N/A       100%        3
 Summon Guardian Golem    Hex/Summ       0%         N/A       100%        3
 Hailstorm                Conj/Ice       0%         3d3       100%        4
 Ice Form                 Ice/Tmut       0%         N/A       100%        4
 Simulacrum               Ice/Necr       0%         N/A       100%        6


Dungeon Overview and Level Annotations

Branches:
Dungeon (3/15)

Altars:
Wu Jian

Shops:
D:1 [   D:2 !

Annotations:
D:3 Ijyb


Innate Abilities, Weirdness & Mutations

You are immune to sickness and miasma.
Your stone body is resilient. (AC +3)
You are immune to poison.
You resist negative energy. (rN+)
You are resistant to electric shocks. (rElec)
You are resistant to unholy torment.
You are immune to petrification.


Message History

No target in view!
No target in view!
Things that are here:
a +0 short sword; 3 stones Ijyb the Twisted Goblin comes into view.
She is wielding a +0 club and carrying a wand of flame (20).
Ijyb shouts!
Ijyb hits you with a +0 club.
You closely miss Ijyb. Ijyb hits you with a +0 club.
You closely miss Ijyb. Ijyb hits you with a +0 club. Ijyb barely misses you.
You hit Ijyb.
Ijyb is lightly wounded.
Ijyb hits you but does no damage.
You slash Ijyb!
Ijyb is severely wounded.
Ijyb hits you but does no damage. Ijyb hits you with a +0 club.
Your shield and plate armour prevent you from hitting Ijyb.
Ijyb is severely wounded.
Ijyb zaps a wand.
The puff of flame hits you! Ijyb hits you but does no damage.
You are too injured to fight recklessly!
Unknown command.
You closely miss Ijyb.
Ijyb is severely wounded.
A bat comes into view.
You block Ijyb's attack.
You barely miss Ijyb.
Ijyb is severely wounded.
Ijyb screams, "I dance on your bones!"
Ijyb zaps a wand.
The puff of flame misses you. Ijyb hits you but does no damage.
You hit Ijyb but do no damage.
Ijyb is severely wounded.
Ijyb hits you but does no damage.
You hit Ijyb.
Ijyb is severely wounded.
Ijyb hits you but does no damage.
Ijyb zaps a wand.
The puff of flame hits you!
* * * LOW HITPOINT WARNING * * *
Unknown command.
You feel very mighty all of a sudden. Ijyb hits you with a +0 club.
You die...

... # .... .. ##
...# ..# .##....# ..
... #.#
#b###.#####.#
#g@.###....#### #
##......#.....#####
#...####....##.'.8..
#.#.#####.#)####.#.#
#.#.........# #.#..
# #.#####.### #.###
#.# #.# #P... #.#
#.# ##### #.# #...


You could see Ijyb and a bat.

Vanquished Creatures
  An adder (D:2)
  A dart slug (D:2)
  A bat (D:2)
  2 endoplasms (D:1)
  3 giant cockroaches
  3 goblins
  5 hobgoblins
  A quokka (D:2)
  4 ball pythons
  3 frilled lizards
  4 kobolds
  5 rats
33 creatures vanquished.

Notes
Turn   | Place    | Note
-------+----------+-------------------------------------------
     0 | D:1      | bande the Gargoyle Fighter began the quest for the Orb.
     0 | D:1      | Reached XP level 1. HP: 14/14 MP: 1/1
   416 | D:1      | Found Edeof's Armour Boutique.
   429 | D:1      | Reached XP level 2. HP: 19/19 MP: 2/2
  1387 | D:2      | Found Uttyet's Distillery.
  1393 | D:2      | Reached XP level 3. HP: 23/23 MP: 3/3
  1521 | D:2      | Reached skill level 1 in Stealth
  1829 | D:3      | Found an ornate altar of the Wu Jian Council.
  1892 | D:3      | Found a faded altar of an unknown god.
  1941 | D:3      | Noticed Ijyb
  1952 | D:3      | HP: 1/23 [Ijyb/puff of flame (10)]
  1953 | D:3      | Slain by Ijyb

Illustrated notes

Levels and vault maps discovered:
D:1:      ncdulo_lavacross, layout_loops_ring, serial_shops, nicolae_shop_trees,
          minmay_misc_feat_columns
D:2:      layout_basic, serial_shops, shop
D:3:      layout_loops_ring, nicolae_wu_jian_immortal_techniques,
          shapermc_ecumenical_altar_ellora, uniq_ijyb

Skill      XL: |  1  2  3 |
---------------+----------+-----
Axes           | 2 |  2.2
Stealth        | 1 |  1.1
Fighting       | |  3.4
Armour         | |  3.7
Dodging        | |  0.1
Shields        | |  3.8

Action                   || total
-------------------------++-------
Melee: War axe           ||   112
  Use: Scroll            ||     5
       Potion            ||     2
Armor: Scale mail        ||    18
       Plate armour      ||    64
Dodge: Dodged            ||    19
Block: Kite shield       ||    44

Table legend: (Time is in decaauts)
 A = Elapsed time spent in this place.
 B = Non-inter-level travel time spent in this place.
 C = Inter-level travel time spent in this place.
 D = Time resting spent in this place.
 E = Time spent auto-exploring this place.
 F = Levels seen in this place.
 G = Mean time per level.
                   A        B        C        D        E       F      G
               +--------+--------+--------+--------+--------+-----+--------+
         Total |   2023 |   2001 |     22 |    200 |   1375 |   3 |  674.3 |
       Dungeon |   2023 |   2001 |     22 |    200 |   1375 |   3 |  674.3 |
               +--------+--------+--------+--------+--------+-----+--------+

Top non-repeatable levels by time:
     D:1: 1132 daAuts
     D:2: 743 daAuts
     D:3: 147 daAuts
